 Dungeon Crawl Stone Soup version 0.26.0-18-gc5c842f807 (webtiles) character file.

Game seed: 4279629622951656340

37 iamoutofideas the Chiller (level 3, 11/24 HPs)
             Began as a Demonspawn Ice Elementalist on Jan 22, 2021.
             Quit the game on level 2 of the Dungeon.
             The game lasted 00:01:13 (2309 turns).

iamoutofideas the Chiller (DsIE)                    Turns: 2309, Time: 00:01:13

Health: 11/24      AC:  2    Str:  8    XL:     3   Next: 21%
Magic:  2/7        EV: 16    Int: 17    God:
Gold:   158        SH:  0    Dex: 13    Spells: 6/7 levels left

rFire    + . .     SeeInvis .   e - +0 dagger
rCold    + . .     Faith    .   (no shield)
rNeg     . . .     Spirit   +   a - +0 robe
rPois    .         Reflect  .   (no helmet)
rElec    .         Harm     .   l - scarf {rC+ rF+}
rCorr    .         Rampage  .   (no gloves)
Will     .....                  (no boots)
Stlth    ++........             j - amulet of the acrobat
HPRegen  0.08/turn              c - +4 ring of evasion
MPRegen  0.10/turn              (no ring)

@: no status effects
A: talons 1, magic shield
a: no special abilities


You were on level 2 of the Dungeon.
You visited 1 branch of the dungeon, and saw 2 of its levels.

You collected 158 gold pieces.

Inventory:

Hand Weapons
 e - a +0 dagger (weapon)
Armour
 a - a +0 robe (worn)
 l - a scarf of resistance (worn)
Jewellery
 c - a +4 ring of evasion (left hand)
 j - an amulet of the acrobat (around neck)
Scrolls
 b - 2 scrolls of blinking {unknown}
 d - 2 scrolls of remove curse {unknown}
 g - 3 scrolls of enchant weapon {unknown}
 h - a scroll of teleportation {unknown}
 k - a scroll of identify {unknown}
 n - a scroll of noise {unknown}
Potions
 f - a potion of mutation {unknown}
 i - a potion of degeneration {unknown}
 m - a potion of lignification {unknown}
 o - a potion of might {unknown}
 p - a potion of heal wounds {unknown}
 q - 2 potions of invisibility {unknown}


   Skills:
 - Level 1.7 Dodging
 - Level 1.7 Stealth
 + Level 2.8 Spellcasting
 + Level 4.2 Ice Magic


You had 6 spell levels left.
You knew the following spells:

 Your Spells              Type           Power        Failure   Level
a - Freeze                Ice            64%          3%          1

Your spell library contained the following spells:

 Spells                   Type           Power        Failure   Level
 Frozen Ramparts          Ice            32%          10%         3
 Ozocubu's Armour         Ice            16%          10%         3
 Hailstorm                Conj/Ice       9%           58%         4
 Summon Ice Beast         Ice/Summ       9%           58%         4


Dungeon Overview and Level Annotations

Branches:
Dungeon (2/15)

Altars:

Annotations:
D:2 Robin


Innate Abilities, Weirdness & Mutations

You have sharp toenails.
When hurt, damage is shared between your health and your magic reserves.


Message History

Casting: Freeze (safe; 3% risk of failure)
Confirm with . or Enter, or press ? or * to list all spells.
Aiming: Freeze (safe; 3% risk of failure)
Press: ? - help, Shift-Dir - straight line, f/p - goblin
Aim: a goblin, wielding a +0 club (moderately wounded, strong)
You freeze the goblin.
The goblin is heavily wounded.
Robin throws the goblin at you! The goblin closely misses you.
The goblin hits you with a +0 club. The hobgoblin completely misses you.
Unknown command.
Casting: Freeze (safe; 3% risk of failure)
Confirm with . or Enter, or press ? or * to list all spells.
Aiming: Freeze (safe; 3% risk of failure)
Press: ? - help, Shift-Dir - straight line, f/p - goblin
Aim: a goblin, wielding a +0 club (heavily wounded, strong)
You freeze the goblin.
You kill the goblin!
The goblin barely misses you. The goblin closely misses you.
The goblin hits you with a +0 club. The hobgoblin misses you.
Are you sure you want to abandon this character and quit the game? (Confirm with "yes".)

#. #####.## .#
##......# #.#
......>.# #.#
#....(g# #.# ###
#...?gg# #.# #.#
#.^.ggg# #.#
#.#####
#....g@#####.#
#......
#....gg......#
#.#####
#............####.#
##
######............#
#. #......#######
#. #......# #.
#......#### #.
####.........# #.
#............# #.


You could see Robin, a +5 spectral club (summoned), a hobgoblin (strong) and 7
goblins.

Vanquished Creatures
  An adder (D:2)
  2 dart slugs
  3 bats
  2 giant cockroaches (D:1)
  6 goblins
  2 hobgoblins (D:1)
  2 kobolds (D:1)
  A quokka (D:2)
  2 rats
21 creatures vanquished.

Notes
Turn   | Place    | Note
-------+----------+-------------------------------------------
     0 | D:1      | iamoutofideas the Demonspawn Ice Elementalist began the
                  | quest for the Orb.
     0 | D:1      | Reached XP level 1. HP: 13/13 MP: 3/3
   615 | D:1      | Gained mutation: You have sharp toenails. [demonic
                  | ancestry]
   615 | D:1      | Reached XP level 2. HP: 19/19 MP: 3/5
  1354 | D:1      | Reached skill level 4 in Ice Magic
  2222 | D:2      | Gained mutation: When hurt, damage is shared between your
                  | health and your magic reserves. [demonic ancestry]
  2222 | D:2      | Reached XP level 3. HP: 17/24 MP: 4/7
  2302 | D:2      | Noticed Robin
  2309 | D:2      | Quit the game

Illustrated notes

Levels and vault maps discovered:
D:1:      dpeg_arrival_three_bigger_balls, layout_basic
D:2:      layout_basic, evilmike_ruin_ashenzari, uniq_robin, uniq_terence

Skill      XL: |  1  2 |
---------------+-------+-----
Ice Magic      | 4 |  4.2
Dodging        | |  1.7
Stealth        | |  1.7
Spellcasting   | |  2.8

Action                   || total
-------------------------++-------
Melee: Dagger            ||    22
       Unarmed           ||     2
       Kick              ||     4
 Cast: Freeze            ||    34
 Stab: Sleeping          ||     2
Armor: Robe              ||     4
Dodge: Dodged            ||    52
